 Dungeon Crawl Stone Soup version 0.28.0 (webtiles) character file.

Game seed: 15420653112736661534

2 Host24 the Bolt Thrower (level 1, 0/12 HPs)
             Began as a Kobold Hunter on Mar 11, 2022.
             Slain by a quokka (3 damage)
             ... on level 1 of the Dungeon.
             The game lasted 00:00:20 (75 turns).

Host24 the Bolt Thrower (Kobold Hunter)               Turns: 75, Time: 00:00:21

Health: 0/12       AC:  3    Str:  9    XL:     1   Next: 44%
Magic:  1/1        EV: 14    Int: 12    God:
Gold:   0          SH:  0    Dex: 15    Spells: 0/0 levels left

rFire   . . .      SeeInvis .   a - +1 hand crossbow
rCold   . . .      Faith    .   (no shield)
rNeg    + . .      Spirit   .   c - +0 leather armour
rPois   .          Reflect  .   (no helmet)
rElec   .          Harm     .   (no cloak)
rCorr   .          Rampage  .   (no gloves)
Will    .....                   (no boots)
Stlth   +++.......              (no amulet)
HPRegen 0.04/turn               f - ring of positive energy
MPRegen 0.07/turn               (no ring)

@: no status effects
A: small, no large weapons, nightstalker 3
a: no special abilities


You were on level 1 of the Dungeon.
You visited 1 branch of the dungeon, and saw 1 of its levels.

Inventory:

Hand Weapons
 a - a +1 hand crossbow (weapon)
 b - a +0 short sword
Missiles
 d - 15 bolts (quivered ammo)
 g - 22 arrows
Armour
 c - a +0 leather armour (worn)
Jewellery
 f - a ring of positive energy (left hand)
Scrolls
 e - a scroll of immolation {unknown}


   Skills:
 + Level 2.2 Fighting
 - Level 5.0 Crossbows
 - Level 2.4 Dodging
 - Level 1.3 Stealth


You couldn't memorise any spells.
You didn't know any spells.
Your spell library was empty.

Dungeon Overview and Level Annotations

Branches:
Dungeon (1/15)

Altars:


Innate Abilities, Weirdness & Mutations

You are small and have problems with some larger weapons.
You are completely attuned to the shadows.


Message History

You hit the goblin.
You kill the goblin!
The kobold closely misses you.
Your Crossbows skill increases to level 5!
The quokka bites you.
* * * LOW HITPOINT WARNING * * *
The quokka closely misses you.
a - a +1 hand crossbow (weapon)
The kobold barely misses you.
Fire: 20 bolts
Press: ? - help, Q - select action Shift-Dir - straight line, f - kobold
Aim: a kobold, wielding a +0 club (60% to hit)
You shoot a bolt. The bolt hits the kobold.
You kill the kobold!
The quokka barely misses you.
Fire: 19 bolts
Press: ? - help, Q - select action Shift-Dir - straight line, f - quokka
Aim: a quokka (57% to hit)
You shoot a bolt. The bolt hits the quokka.
The quokka is severely wounded.
The quokka closely misses you.
Fire: 18 bolts
Press: ? - help, Q - select action Shift-Dir - straight line, f/p - quokka
Aim: a quokka (severely wounded, 57% to hit)
You shoot a bolt. The bolt closely misses the quokka.
The quokka bites you but does no damage.
The quokka bites you.
* * * LOW HITPOINT WARNING * * *
Fire: 17 bolts
Press: ? - help, Q - select action Shift-Dir - straight line, f/p - quokka
Aim: a quokka (severely wounded, 57% to hit)
You shoot a bolt. The bolt barely misses the quokka.
The quokka misses you.
Unknown command.
Fire: 16 bolts
Press: ? - help, Q - select action Shift-Dir - straight line, f/p - quokka
Aim: a quokka (severely wounded, 57% to hit)
You shoot a bolt. The bolt closely misses the quokka.
The quokka bites you.
You die...

#.# #.###
######.#.#######
...............###
#(............#
#.###†#####.#.#
#.# #.# ###)#.##
#r# #.##.......#
#@# #.##.##.#..#
##### #.# #.##
#.#..# #...# #.#
..#..#
##########.#.# #.#
### ..#
.#.#.#.#.#...# #.#
..........##.###.#
....#......#.....#
..#.......######.#
#....#.....# #.#


You could see a quokka.

Vanquished Creatures
  A goblin (D:1)
  A frilled lizard (D:1)
  A kobold (D:1)
3 creatures vanquished.

Notes
Turn   | Place    | Note
-------+----------+-------------------------------------------
     0 | D:1      | Host24 the Kobold Hunter began the quest for the Orb.
     0 | D:1      | Reached XP level 1. HP: 12/12 MP: 1/1
    57 | D:1      | Reached skill level 5 in Crossbows
    75 | D:1      | Slain by a quokka

Illustrated notes

Levels and vault maps discovered:
D:1:      co_arrival_square_in_a_square_in_a_square, layout_loops_ring,
          serial_aquarium, aquarium_bridge_straight [aquarium_subvault_bridge,
          aquarium_subvault_wall, aquarium_subvault_bridge,
          aquarium_subvault_wall], aquarium_window_corridor_2,
          aquarium_window_1, aquarium_window_1, aquarium_window_fake,
          aquarium_view_2b, aquarium_balcony_1a

Skill      XL: |  1 |
---------------+----+-----
Crossbows      | 5 |  5.0
Fighting       | |  2.2
Dodging        | |  2.4
Stealth        | |  1.3

Action                   || total
-------------------------++-------
Melee: Short sword       ||     7
 Fire: Hand crossbow     ||     5
Armor: Leather armour    ||     3
Dodge: Dodged            ||    11
